TOP OF THE 1ST |
Cedar Rapids Kernels batting - Pitching for Burlington Bees : RHP Allen Weaver
|
Pitching: RHP Allen Weaver
|
|
Batting: LHB Jim Pankratz
|
0-0: Ball 1-0: Ball 2-0: Ball 3-0: Base on Balls
|
Batting: SHB Shohei Fujii
|
0-0: Called Strike 0-1: Foul Ball, location: 2F 0-2: Ball 1-2: Fly out, F5 (Flyball, 5D, EV 89.4 MPH)
|
Batting: RHB J.J. Powers
|
0-0: Called Strike 0-1: Ball Jim Pankratz is caught stealing 2nd base 2-4 1-1: Foul Ball, location: 2F 1-2: Ground out 5-3 (Groundball, 56, EV 87.5 MPH)
|
Top of the 1st over - 0 runs, 0 hits, 0 errors, 0 left on base; Cedar Rapids 0 - Burlington 0 |
BOTTOM OF THE 1ST |
Burlington Bees batting - Pitching for Cedar Rapids Kernels : RHP Orlando Guapo
|
Pitching: RHP Orlando Guapo
|
|
Batting: RHB Jonathan Ellis
|
0-0: Fly out, F7 (Flyball, 7LM, EV 109.4 MPH)
|
Batting: RHB Ryan Munro
|
0-0: Ball 1-0: Called Strike 1-1: Ball 2-1: Fly out, F9 (Line Drive, 9, EV 98.8 MPH)
|
Batting: RHB Melvin Gomez
|
0-0: Ball 1-0: Ground out 6-3 (Groundball, 6, EV 106.3 MPH)
|
Bottom of the 1st over - 0 runs, 0 hits, 0 errors, 0 left on base; Cedar Rapids 0 - Burlington 0 |
TOP OF THE 2ND |
Cedar Rapids Kernels batting - Pitching for Burlington Bees : RHP Allen Weaver
|
Batting: RHB Matt Dunn
|
0-0: Ball 1-0: Foul Ball, location: 2F 1-1: Foul Ball, location: 2F 1-2: Foul Ball, location: 2F 1-2: Strikes out swinging
|
Batting: LHB Israel Montoya
|
0-0: Called Strike 0-1: Foul Ball, location: 2F 0-2: Ball 1-2: Strikes out swinging
|
Batting: RHB Mike Craver
|
0-0: SINGLE (Flyball, 89S, EV 96.3 MPH)
|
Batting: LHB Mike Handrahan
|
0-0: Ball 1-0: Swinging Strike 1-1: Foul Ball, location: 2F 1-2: Ball 2-2: Foul Ball, location: 2F 2-2: Ground out 4-3 (Groundball, 4, EV 81.9 MPH)
|
Top of the 2nd over - 0 runs, 1 hit, 0 errors, 1 left on base; Cedar Rapids 0 - Burlington 0 |
BOTTOM OF THE 2ND |
Burlington Bees batting - Pitching for Cedar Rapids Kernels : RHP Orlando Guapo
|
Batting: LHB Bill Kirtley
|
0-0: Ground out U3 (Groundball, 34, EV 107.5 MPH)
|
Batting: LHB Rusty Ney
|
0-0: Called Strike 0-1: Ball 1-1: Ball 2-1: Swinging Strike 2-2: Foul Ball, location: 2F 2-2: Ball 3-2: Fly out, F9 (Flyball, 89M, EV 91.9 MPH)
|
Batting: RHB Ryuji Ito
|
0-0: Ball 1-0: Fly out, F8 (Flyball, 8RD, EV 86.9 MPH)
|
Bottom of the 2nd over - 0 runs, 0 hits, 0 errors, 0 left on base; Cedar Rapids 0 - Burlington 0 |
TOP OF THE 3RD |
Cedar Rapids Kernels batting - Pitching for Burlington Bees : RHP Allen Weaver
|
Batting: SHB Duri Chilemba
|
0-0: Foul Ball, location: 2F 0-1: Swinging Strike 0-2: Foul Ball, location: 2F 0-2: Ball 1-2: Foul Ball, location: 2F 1-2: Foul Ball, location: 2F 1-2: Ball 2-2: Fly out, F9 (Line Drive, 9D, EV 86.9 MPH)
|
Batting: RHB Orlando Blanco
|
0-0: Ball 1-0: Foul Ball, location: 2F 1-1: Foul Ball, location: 2F 1-2: Ball 2-2: Strikes out swinging
|
Batting: LHB Jim Pankratz
|
0-0: Called Strike 0-1: Foul Ball, location: 2F 0-2: Ball 1-2: Foul Ball, location: 2F 1-2: Fly out, F7 (Flyball, 7LM, EV 96.9 MPH)
|
Top of the 3rd over - 0 runs, 0 hits, 0 errors, 0 left on base; Cedar Rapids 0 - Burlington 0 |
BOTTOM OF THE 3RD |
Burlington Bees batting - Pitching for Cedar Rapids Kernels : RHP Orlando Guapo
|
Batting: LHB Jorge Zermeno
|
0-0: Ball 1-0: Ball 2-0: Ball 3-0: Base on Balls
|
Batting: RHB Ben Herman
|
0-0: Ball 1-0: Called Strike 1-1: SINGLE (Groundball, 34D, EV 105.6 MPH) Jorge Zermeno to second Runner from 2nd tries for 3rd, SAFE, throw by RF made to third
|
Batting: SHB Tim Connell
|
0-0: Ball 1-0: Foul Ball, location: 2F 1-1: Ball 2-1: Ball 3-1: Called Strike 3-2: Ground out 4-3 (Groundball, 4, EV 88.1 MPH) Jorge Zermeno scores Ben Herman to second
|
Batting: RHB Jonathan Ellis
|
0-0: Called Strike 0-1: Ball 1-1: DOUBLE (Line Drive, 7LS, EV 101.9 MPH) Ben Herman scores
|
Batting: RHB Ryan Munro
|
0-0: Called Strike 0-1: Fly out, F7 (Flyball, 78S, EV 90.0 MPH)
|
Batting: RHB Melvin Gomez
|
0-0: Ball 1-0: Swinging Strike 1-1: Ball 2-1: Ball 3-1: Ground out 5-3 (Groundball, 56, EV 85.6 MPH)
|
Bottom of the 3rd over - 2 runs, 2 hits, 0 errors, 1 left on base; Cedar Rapids 0 - Burlington 2 |
TOP OF THE 4TH |
Cedar Rapids Kernels batting - Pitching for Burlington Bees : RHP Allen Weaver
|
Batting: SHB Shohei Fujii
|
0-0: Ball 1-0: Foul Ball, location: 2F 1-1: Swinging Strike 1-2: Fly out, F7 (Flyball, 7, EV 84.4 MPH)
|
Batting: RHB J.J. Powers
|
0-0: Called Strike 0-1: Swinging Strike 0-2: Ball 1-2: Strikes out swinging
|
Batting: RHB Matt Dunn
|
0-0: Called Strike 0-1: Foul Ball, location: 2F 0-2: Ball 1-2: Foul Ball, location: 2F 1-2: Foul Ball, location: 2F 1-2: Ball 2-2: Strikes out looking
|
Top of the 4th over - 0 runs, 0 hits, 0 errors, 0 left on base; Cedar Rapids 0 - Burlington 2 |
BOTTOM OF THE 4TH |
Burlington Bees batting - Pitching for Cedar Rapids Kernels : RHP Orlando Guapo
|
Batting: LHB Bill Kirtley
|
0-0: Ball 1-0: Called Strike 1-1: Ball 2-1: Foul Ball, location: 2F 2-2: Ball 3-2: Base on Balls
|
Batting: LHB Rusty Ney
|
0-0: Ball 1-0: Ball 2-0: Foul Ball, location: 2F 2-1: Called Strike 2-2: Strikes out swinging
|
Batting: RHB Ryuji Ito
|
0-0: Ball 1-0: Called Strike 1-1: Called Strike 1-2: Fly out, F4 (Flyball, 4D, EV 90.0 MPH)
|
Batting: LHB Jorge Zermeno
|
0-0: Foul Ball, location: 2F 0-1: Fielders Choice at 2nd, U6 (Groundball, 4, EV 79.4 MPH)
|
Bottom of the 4th over - 0 runs, 0 hits, 0 errors, 1 left on base; Cedar Rapids 0 - Burlington 2 |
TOP OF THE 5TH |
Cedar Rapids Kernels batting - Pitching for Burlington Bees : RHP Allen Weaver
|
Batting: LHB Israel Montoya
|
0-0: Called Strike 0-1: Ground out 6-3 (Groundball, 56, EV 96.9 MPH)
|
Batting: RHB Mike Craver
|
0-0: Foul Ball, location: 2F 0-1: Foul Ball, location: 2F 0-2: Ball 1-2: Ball 2-2: Foul Ball, location: 2F 2-2: Reached on error, E8 (Flyball, 8RS, EV 83.1 MPH)
|
Batting: LHB Mike Handrahan
|
0-0: Called Strike 0-1: Ball 1-1: Ball 2-1: Called Strike 2-2: Ground out 6-3 (Groundball, 6, EV 88.8 MPH) Mike Craver to second
|
Batting: SHB Duri Chilemba
|
0-0: Ball Balk! Mike Craver to third 1-0: Ball 2-0: Ball 3-0: Called Strike 3-1: Base on Balls
|
Pitching: LHP Cody Bodenhamer
|
|
Batting: RHB Orlando Blanco
|
0-0: Called Strike 0-1: Fielders Choice at 2nd, 6-4 (Groundball, 6, EV 82.5 MPH)
|
Top of the 5th over - 0 runs, 0 hits, 1 error, 2 left on base; Cedar Rapids 0 - Burlington 2 |
BOTTOM OF THE 5TH |
Burlington Bees batting - Pitching for Cedar Rapids Kernels : RHP Orlando Guapo
|
Batting: RHB Ben Herman
|
0-0: Called Strike 0-1: Ball 1-1: Ground out 5-3 (Groundball, 56, EV 100.6 MPH)
|
Batting: SHB Tim Connell
|
0-0: Ball 1-0: Ball 2-0: SOLO HOME RUN (Line Drive, 9D, EV 96.3 MPH), Distance : 370 ft
|
Batting: RHB Jonathan Ellis
|
0-0: Called Strike 0-1: Foul Ball, location: 2F 0-2: Ball 1-2: Foul Ball, location: 2F 1-2: Ball 2-2: Ground out 6-3 (Groundball, 6, EV 85.0 MPH)
|
Batting: RHB Ryan Munro
|
0-0: Ball 1-0: Ball 2-0: Foul Ball, location: 2F 2-1: Ball 3-1: Ground out 6-3 (Groundball, 6, EV 79.4 MPH)
|
Bottom of the 5th over - 1 run, 1 hit, 0 errors, 0 left on base; Cedar Rapids 0 - Burlington 3 |
TOP OF THE 6TH |
Cedar Rapids Kernels batting - Pitching for Burlington Bees : LHP Cody Bodenhamer
|
Batting: LHB Jim Pankratz
|
0-0: Called Strike 0-1: Called Strike 0-2: Strikes out swinging
|
Batting: SHB Shohei Fujii
|
0-0: Ball 1-0: Called Strike 1-1: Ground out 5-3 (Groundball, 5, EV 103.8 MPH)
|
Batting: RHB J.J. Powers
|
0-0: Foul Ball, location: 2F 0-1: Fly out, F8 (Flyball, 78D, EV 108.8 MPH)
|
Top of the 6th over - 0 runs, 0 hits, 0 errors, 0 left on base; Cedar Rapids 0 - Burlington 3 |
BOTTOM OF THE 6TH |
Burlington Bees batting - Pitching for Cedar Rapids Kernels : RHP Orlando Guapo
|
Batting: RHB Melvin Gomez
|
0-0: Ball 1-0: Ball 2-0: Called Strike 2-1: Foul Ball, location: 2F 2-2: Ground out 5-3 (Groundball, 5L, EV 78.8 MPH)
|
Batting: LHB Bill Kirtley
|
0-0: Ball 1-0: Ball 2-0: Ball 3-0: Base on Balls
|
Pitching: RHP Bruce Wight
|
|
Batting: LHB Rusty Ney
|
0-0: Called Strike 0-1: Ball 1-1: Called Strike 1-2: Ball 2-2: Ball 3-2: Fielders Choice at 2nd, 6-4 (Groundball, 6, EV 91.9 MPH)
|
Batting: RHB Ryuji Ito
|
0-0: Called Strike Rusty Ney steals 2nd base 0-1: SINGLE (Groundball, 4D, EV 95.0 MPH) Rusty Ney to third Runner from 3rd tries for Home, SAFE, throw by CF to home Ryuji Ito to second
|
Batting: LHB Jorge Zermeno
|
0-0: Intentional Walk
|
Batting: RHB Ben Herman
|
0-0: Ball 1-0: Swinging Strike 1-1: Swinging Strike 1-2: Ball 2-2: Foul Ball, location: 2F 2-2: Ball 3-2: 3-RUN HOME RUN (Flyball, 9LD, EV 95.0 MPH), Distance : 348 ft
|
Batting: SHB Tim Connell
|
0-0: Ball 1-0: Called Strike 1-1: Swinging Strike 1-2: Ball 2-2: Strikes out looking
|
Bottom of the 6th over - 4 runs, 2 hits, 0 errors, 0 left on base; Cedar Rapids 0 - Burlington 7 |
TOP OF THE 7TH |
Cedar Rapids Kernels batting - Pitching for Burlington Bees : LHP Cody Bodenhamer
|
Batting: RHB Matt Dunn
|
0-0: Foul Ball, location: 2F 0-1: Foul Ball, location: 2F 0-2: Strikes out swinging
|
Pinch Hitting: RHB Jon Avila
|
0-0: Foul Ball, location: 2F 0-1: Foul Ball, location: 2F 0-2: Strikes out swinging
|
Pinch Hitting: LHB Robby Bryant
|
0-0: Ball 1-0: Ball 2-0: Ground out 5-3 (Groundball, 56, EV 87.5 MPH)
|
Top of the 7th over - 0 runs, 0 hits, 0 errors, 0 left on base; Cedar Rapids 0 - Burlington 7 |
BOTTOM OF THE 7TH |
Burlington Bees batting - Pitching for Cedar Rapids Kernels : RHP Bruce Wight
|
Now in LF: Shohei Fujii
|
|
Now in CF: Jon Avila
|
|
Now in RF: Robby Bryant
|
|
Batting: RHB Jonathan Ellis
|
0-0: Ball 1-0: Ball 2-0: Called Strike 2-1: Foul Ball, location: 2F 2-2: Ball 3-2: Strikes out swinging
|
Batting: RHB Ryan Munro
|
0-0: Called Strike 0-1: Ball 1-1: Foul Ball, location: 2F 1-2: Strikes out looking
|
Batting: RHB Melvin Gomez
|
0-0: Called Strike 0-1: Ball 1-1: Fly out, F9 (Flyball, 89D, EV 96.3 MPH)
|
Bottom of the 7th over - 0 runs, 0 hits, 0 errors, 0 left on base; Cedar Rapids 0 - Burlington 7 |
TOP OF THE 8TH |
Cedar Rapids Kernels batting - Pitching for Burlington Bees : LHP Cody Bodenhamer
|
Batting: LHB Mike Handrahan
|
0-0: Ball 1-0: Ball 2-0: Fly out, F7 (Flyball, 7LM, EV 96.3 MPH)
|
Batting: SHB Duri Chilemba
|
0-0: Ball 1-0: Foul Ball, location: 2F 1-1: SINGLE (Groundball, 56D, EV 103.1 MPH)
|
Batting: RHB Orlando Blanco
|
0-0: Ball 1-0: Grounds into double play, 4-6-3 (Groundball, 4MS, EV 84.4 MPH)
|
Top of the 8th over - 0 runs, 1 hit, 0 errors, 0 left on base; Cedar Rapids 0 - Burlington 7 |
BOTTOM OF THE 8TH |
Burlington Bees batting - Pitching for Cedar Rapids Kernels : RHP Bruce Wight
|
Batting: LHB Bill Kirtley
|
0-0: Ball 1-0: Ball 2-0: Ball 3-0: Called Strike 3-1: Called Strike 3-2: SINGLE (Line Drive, 8LS, EV 112.5 MPH)
|
Batting: LHB Rusty Ney
|
0-0: Called Strike 0-1: Fly out, F8 (Flyball, 8LD, EV 103.8 MPH)
|
Batting: RHB Ryuji Ito
|
0-0: Called Strike 0-1: Swinging Strike 0-2: Foul Ball, location: 2F 0-2: Ball 1-2: Strikes out looking
|
Batting: LHB Jorge Zermeno
|
0-0: Foul Ball, location: 2F 0-1: Foul Ball, location: 2F 0-2: Ball 1-2: Ball 2-2: Foul Ball, location: 2F 2-2: Foul Ball, location: 2F 2-2: Strikes out swinging
|
Bottom of the 8th over - 0 runs, 1 hit, 0 errors, 1 left on base; Cedar Rapids 0 - Burlington 7 |
TOP OF THE 9TH |
Cedar Rapids Kernels batting - Pitching for Burlington Bees : LHP Cody Bodenhamer
|
Pinch Hitting: LHB Kevin Cooper
|
0-0: Ball 1-0: Called Strike 1-1: Ball 2-1: Foul Ball, location: 2F 2-2: Ball 3-2: Strikes out swinging
|
Batting: SHB Shohei Fujii
|
0-0: Ball 1-0: Foul Ball, location: 2F 1-1: Swinging Strike 1-2: Strikes out swinging
|
Batting: RHB J.J. Powers
|
0-0: Swinging Strike 0-1: Ball 1-1: Ball 2-1: Foul Ball, location: 2F 2-2: Ball 3-2: Foul Ball, location: 2F 3-2: Base on Balls
|
Pitching: LHP Jose Rivera
|
|
Batting: RHB Matt Dunn
|
0-0: Ball 1-0: Fly out, F7 (Flyball, 7LM, EV 90.6 MPH)
|
Top of the 9th over - 0 runs, 0 hits, 0 errors, 1 left on base; Cedar Rapids 0 - Burlington 7 |
|